[Event "*** SCC Grand Prix: Titled Tuesday Blitz"]
[Site "Chess.com"]
[Date "2020.08.25"]
[Round "6"]
[White "BJthechessgod"]
[Black "laboratorio25"]
[Result "1/2-1/2"]
[WhiteElo "2213"]
[BlackElo "2353"]
[TimeControl "180+1"]
[EndTime "11:09:11 PDT"]
[Termination "Game drawn - insufficient material"]

1. e4 c5 2. Nf3 d6 3. c3 Nf6 4. Be2 Nc6 5. d4 cxd4 6. cxd4 Nxe4 7. d5 Qa5+ 8. Nc3 Nxc3 9. bxc3 Ne5 10. Nxe5 Qxc3+ 11. Bd2 Qxe5 12. O-O Qxd5 13. Rb1 e5 14. Bb5+ Ke7 15.
Bg5+ Ke6 16. Qxd5+ Kxd5 17. Rfd1+ Ke6 18. Bc4+ Kf5 19.
h4 f6 20. Bd3+ Ke6 21. Be3 d5 22. g4 g6 23. Rb5 Bd7 24. Rxb7 Bd6 25. Bc2 Rhb8 26.
Bb3 Rxb7 27. Bxd5+ Ke7 28. Bxb7 Rb8 29. Bf3 a5 30. g5 f5 31. Bd5 Be6 32. Bxe6 Kxe6 33.
Rc1 f4 34. Ba7 Rb7 35. Bc5 Rc7 36. Ba3 Rxc1+ 37. Bxc1 e4 38. Kf1 Kf5 39. Kg2 Kg4 40.
Bb2 Kxh4 41. Bf6 Kg4 42. Bd8 f3+ 43. Kg1 Bf4 44. Bxa5 Bxg5 45. Bc7 Be7 46. a4 Bc5 47. a5 e3 48. fxe3 Bxe3+ 49. Kf1 Ba7 50. Bb6 Bb8 51. a6 Kf5 52. a7 Bxa7 53. Bxa7 g5 54. Kf2 g4 55.
Kg3 h5 56. Bb6 Ke4 57. Kh4 Kd3 58. Kg3 Ke2 59. Bc5 Kf1 60. Bb6 f2 61. Bxf2 h4+ 62. Kxh4 Kxf2 63. Kxg4 1/2-1/2

[Event "*** SCC Grand Prix: Titled Tuesday Blitz"]
[Site "Chess.com"]
[Date "2020.08.25"]
[Round "6"]
[White "Orest_Vovk"]
[Black "EddieMarsalla"]
[Result "1-0"]
[WhiteElo "2397"]
[BlackElo "2536"]
[TimeControl "180+1"]
[EndTime "11:09:12 PDT"]
[Termination "Orest_Vovk won on time"]

1. h3 d5 2. e4 dxe4 3. Nc3 Bf5 4.
Qe2 c6 5. Nxe4 Bxe4 6. Qxe4 Nf6 7. Qd3 Qc7 8. Nf3 Nbd7 9. b3 e5 10. Bb2 O-O-O 11. Ng5 Nc5 12. Qc4 Nd5 13. Qg4+ Kb8 14.
O-O-O f6 15. Ne6 Nxe6 16. Qxe6 Bc5 17. f3 Qa5 18. a4 Qb4 19. Qg4 Qa5 20. Qxg7 Ne3 21.
Bd3 Nxd1 22. Rxd1 Rhf8 23. Qxh7 Bd4 24. c3 Bb6 25. Bc2 Rg8 26. g4 Qa6 27. Qe4 Rh8 28.
Qf5 Rdf8 29. c4 Bc7 30. h4 Rxh4 31. d4 exd4 32. Bxd4 Rhh8 33. Bc5 Rd8 34. Qxf6 Rxd1+ 35. Bxd1 Rd8 36. Be7 Rc8 37. Bc2 Qb6 38. c5 Qb4 39. Kb2 Re8 40. Bd6 Rc8 41. Qc3 Qxc3+ 42. Kxc3 Bxd6 43.
cxd6 Rd8 44. g5 Rxd6 45. f4 Kc7 46. f5 Kd7 47. f6 Ke6 48. Bd3 Rd5 49. Bc4 Kf7 50. Bxd5+ cxd5 51. Kd4 1-0

[Event "*** SCC Grand Prix: Titled Tuesday Blitz"]
[Site "Chess.com"]
[Date "2020.08.25"]
[Round "6"]
[White "Beca95"]
[Black "1977Ivan"]
[Result "1-0"]
[WhiteElo "2870"]
[BlackElo "2690"]
[TimeControl "180+1"]
[EndTime "11:09:14 PDT"]
[Termination "Beca95 won by resignation"]

1. Nf3 d5 2. e3 Nf6 3. d4 g6 4.
b3 Bg7 5. Bb2 O-O 6. Nbd2 b6 7. c4 e6 8. Be2 Bb7 9. cxd5 exd5 10.
Rc1 Nbd7 11. O-O Re8 12. b4 a6 13. a4 c6 14. Nb3 Qe7 15. Bc3 Ne4 16. Be1 Rac8 17.
Bd3 h5 18. Qe2 b5 19. Na5 Ba8 20. Nd2 Nd6 21. Ndb3 Nc4 22. Qc2 Ndb6 23. Nc5 Qa7 24. Nxc4 bxc4 25. Be2 Nd7 26. Bc3 Nxc5 27. bxc5 Rb8 28.
Rb1 Rxb1 29. Rxb1 Rb8 30. Rb2 Bf6 31. Bd1 Bd8 32. Qb1 Rxb2 33. Qxb2 Qb7 34. Qc1 Qb8 35.
Bc2 Bc7 36. h3 Bb7 37. e4 Bf4 38. Qb1 Bc8 39. Qb6 Bd7 40. Qxa6 dxe4 41. Qb6 Qe8 42. g3 Bg5 43. Qc7 e3 44. Qe5 Qxe5 45. dxe5 exf2+ 46. Kxf2 Bxh3 47. Be4 Bd7 48. a5 Be7 49. Bd4 Bc8 50. Bxc6 Ba6 51. Ke3 h4 52. gxh4 Bxh4 53. Be4 Be1 54. e6 Bxa5 55. e7 Bb5 56. c6 1-0

[Event "*** SCC Grand Prix: Titled Tuesday Blitz"]
[Site "Chess.com"]
[Date "2020.08.25"]
[Round "6"]
[White "Steven_Rojas"]
[Black "tteshan"]
[Result "0-1"]
[WhiteElo "2473"]
[BlackElo "2350"]
[TimeControl "180+1"]
[EndTime "11:09:14 PDT"]
[Termination "tteshan won by checkmate"]

1. c4 c5 2. Nc3 Nc6 3. Nf3 g6 4.
g3 Bg7 5. Bg2 e6 6. h4 Nge7 7. h5 d5 8. h6 Bxc3 9. dxc3 dxc4 10.
Qxd8+ Kxd8 11. Ng5 Ke8 12. Ne4 Nd5 13. Nxc5 f5 14.
e4 Nde7 15. Bg5 Kf7 16. O-O-O b6 17. exf5 bxc5 18. fxg6+ hxg6 19. Bxe7 Kxe7 20. Bxc6 Rb8 21. Be4 Kf6 22. Rd6 Ke5 23. Rc6 Kxe4 24. Rxc5 Rb7 25. Rh4+ Kf3 26. Rf4+ Kg2 27. Rfxc4 Bd7 28. Rh4 Kxf2 29.
Rg5 Be8 30. Re5 Rbh7 31. Rxe6 Kxg3 32. Rhe4 Bd7 33. Rxg6+ Kf3 34. Rd4 Bc8 35. Rdd6 Bb7 36. a4 Ke3 37. Rge6+ Be4 38. b4 Rf8 39. a5 Rf4 40. Kb2 Rf2+ 41. Ka3 Rf4 42. a6 Kf3 43.
b5 Bf5 44. Rf6 Kg4 45. Kb3 Kg5 46. c4 Rf3+ 47. Kb4 Rf1 48. Rf8 Rb1+ 49. Kc5 Rc7+ 50.
Kd5 Rd1+ 51. Ke5 Re7+ 52. Re6 Rxe6# 0-1

[Event "*** SCC Grand Prix: Titled Tuesday Blitz"]
[Site "Chess.com"]
[Date "2020.08.25"]
[Round "6"]
[White "mirceaparligras"]
[Black "RaunakSadhwani2005"]
[Result "0-1"]
[WhiteElo "2672"]
[BlackElo "2860"]
[TimeControl "180+1"]
[EndTime "11:09:15 PDT"]
[Termination "RaunakSadhwani2005 won by resignation"]

1. e3 Nf6 2. d4 g6 3. Nf3 Bg7 4. c4 O-O 5. Be2 d6 6. O-O Nbd7 7. Nc3 e5 8. Qc2 Re8 9. b4 e4 10. Nd2 Qe7 11. a4 Nf8 12. Ba3 Bf5 13. Rfc1 Ne6 14. Qd1 h5 15. b5 h4 16. h3 Qd7 17. a5 Ng5 18. Bf1 Rad8 19. b6 axb6 20. axb6 c6 21. Bb4 Nxh3+ 22. gxh3 Bxh3 23. Bxh3 Qxh3 24. Qf1 Qf5 25.
Ra5 c5 26. dxc5 dxc5 27. Rxc5 Qg4+ 28. Qg2 Qxg2+ 29. Kxg2 Rxd2 30. Nd5 Ra2 31. Nxf6+ Bxf6 32. Rc7 h3+ 33. Kxh3 Rxf2 34. Bd6 Rf3+ 35. Kg2 Rxe3 36. Rxb7 Rb3 37. Rf1 Bd4 38. c5 e3 39. Re7 Rxe7 40. Bxe7 f5 41. Kf3 Kf7 42. Bd6 Ke6 43. Rd1 Kd5 44.
c6 Rxb6 45. c7 Rc6 46. Bf4 Rc3 47. c8=Q Rxc8 48. Bxe3 Rc4 49. Kf4 Kc5 50. Rxd4 Rxd4+ 51. Kg5 Kd5 52. Kxg6 f4 53. Bf2 f3 54. Kf5 Rd2 0-1

[Event "*** SCC Grand Prix: Titled Tuesday Blitz"]
[Site "Chess.com"]
[Date "2020.08.25"]
[Round "6"]
[White "Dinamo3"]
[Black "Gusarov91"]
[Result "1-0"]
[WhiteElo "2488"]
[BlackElo "2641"]
[TimeControl "180+1"]
[EndTime "11:09:15 PDT"]
[Termination "Dinamo3 won by resignation"]

1. e4 c6 2. Nc3 d5 3. Nf3 Bg4 4. h3 Bxf3 5. Qxf3 e6 6. d3 Nd7 7.
Bd2 Ngf6 8. g4 h6 9. Qg3 Qb8 10. f4 dxe4 11. dxe4 e5 12. O-O-O Bd6 13. f5 Qc7 14. h4 O-O-O 15. Be2 Nb6 16. g5 hxg5 17. hxg5 Nfd7 18. g6 Nf6 19. Bg5 Qe7 20. Rh7 fxg6 21. fxg6 Kb8 22. Rdh1 Rhg8 23. Rf1 Rdf8 24. Qh4 Qe8 25.
Bxf6 Rxf6 26. Rxf6 gxf6 27. Bh5 Qf8 28. Kb1 Bb4 29.
Ne2 Nc4 30. Rd7 Ba3 31. b3 Nb6 32. Rd3 Be7 33. Qg4 Qh6 34. Ng3 Ba3 35. Rd1 Qf4 36. Qxf4 exf4 37. Nf5 f3 38. g7 f2 39. Bf7 Rxg7 40. Nxg7 Bb4 41. Rf1 Be1 42. Nf5 Nd7 43. Bc4 Ne5 44. Be2 Ng6 45. Ng3 Nf4 46. Kc1 Ng2 47.
Nh1 Ne3 48. Rxf2 Bxf2 49. Nxf2 Ng2 50. Kd2 Nf4 51. Ke3 Ne6 52. Bd3 Kc7 53. Ng4 c5 54.
Nxf6 b6 55. Nd5+ Kd6 56. Nf4 Ke5 57. Nxe6 Kxe6 58. Bc4+ Ke5 59. a4 a5 60. c3 Kf6 61. Kf4 Ke7 62. e5 1-0

[Event "*** SCC Grand Prix: Titled Tuesday Blitz"]
[Site "Chess.com"]
[Date "2020.08.25"]
[Round "6"]
[White "stepanosinovsky"]
[Black "NotFischer"]
[Result "1-0"]
[WhiteElo "2374"]
[BlackElo "2176"]
[TimeControl "180+1"]
[EndTime "11:09:15 PDT"]
[Termination "stepanosinovsky won on time"]

1. e4 d5 2. exd5 Nf6 3. Nc3 Nxd5 4. Nge2 Nc6 5. Nxd5 Qxd5 6. Nc3 Qe5+ 7. Qe2 Bg4 8. Qxe5 Nxe5 9. d3 O-O-O 10. Bf4 Ng6 11. Be3 a6 12. h3 Bd7 13. O-O-O Bc6 14. Rg1 e5 15. Be2 Bb4 16. g3 Bxc3 17. bxc3 f5 18. f4 exf4 19. gxf4 Rhe8 20. Kd2 Re6 21. Rg3 Rde8 22.
Rf1 b6 23. Rf2 Kb7 24. Bd4 Nxf4 25. Bd1 g5 26. h4 h6 27. hxg5 hxg5 28. Be3 Rh8 29.
Rxg5 Nh3 30. Rh2 Nxg5 31. Rxh8 Nf3+ 32. Bxf3 Bxf3 33. Rh7 Rc6 34. Rf7 Bg4 35. c4 Kc8 36. Kc3 b5 37. c5 Kd8 38. d4 Ke8 39. Rg7 Bf3 40. Bf4 Bd5 41. a3 Kd8 42. Kb4 Bc4 43. Be5 Kc8 44. Re7 Kb7 45. a4 a5+ 46. Kc3 f4 47. Bxf4 Ka6 48. axb5+ Bxb5 49. Bxc7 a4 50. Bb6 Rxb6 51. cxb6 Kxb6 52. Kb4 Bc6 53. c4 1-0

[Event "*** SCC Grand Prix: Titled Tuesday Blitz"]
[Site "Chess.com"]
[Date "2020.08.25"]
[Round "6"]
[White "Keures"]
[Black "Klavdia_Nik"]
[Result "1-0"]
[WhiteElo "2294"]
[BlackElo "2063"]
[TimeControl "180+1"]
[EndTime "11:09:15 PDT"]
[Termination "Keures won on time"]

1. d4 Nf6 2. c4 c5 3. d5 b5 4. cxb5 a6 5. bxa6 Bxa6 6. Nc3 d6 7. e4 Bxf1 8. Kxf1 g6 9. Nf3 Bg7 10. g3 O-O 11. Kg2 Nbd7 12. h3 Qa5 13. Re1 Rfb8 14.
e5 Ne8 15. exd6 exd6 16. Qc2 Qb4 17. Re4 Qb7 18. a4 Ndf6 19. Re2 Nxd5 20. Nxd5 Qxd5 21. Ra3 Qc6 22. Rb3 Nc7 23. Rxb8+ Rxb8 24. Qe4 Qxe4 25.
Rxe4 Bxb2 26. Bxb2 Rxb2 27. Re7 Ne6 28. Rd7 Rb6 29.
h4 h5 30. Nd2 Ra6 31. Nc4 d5 32. Rxd5 Rxa4 33. Ne5 Kg7 34. Rd7 Kg8 35. Nxf7 c4 36. Ne5 c3 37. Rd1 Ra5 38. Nxg6 Rc5 39. Nf4 c2 40.
Rc1 Nd4 41. Nd3 Rc3 42. Ne1 Nb3 43. Rxc2 Rxc2 44. Nxc2 Nd2 45. Ne3 Ne4 46. Kf3 Nf6 47.
Kf4 Kh7 48. Kg5 Ne4+ 49. Kxh5 Nxf2 50. g4 Ne4 51. g5 1-0

[Event "*** SCC Grand Prix: Titled Tuesday Blitz"]
[Site "Chess.com"]
[Date "2020.08.25"]
[Round "6"]
[White "googlegoom"]
[Black "VladaSviridova"]
[Result "1-0"]
[WhiteElo "2447"]
[BlackElo "2290"]
[TimeControl "180+1"]
[EndTime "11:09:16 PDT"]
[Termination "googlegoom won by checkmate"]

1. Nf3 d5 2. b3 Nf6 3. Bb2 Bf5 4. e3 e6 5. Be2 h6 6. O-O Be7 7. d4 Nbd7 8. Nbd2 O-O 9. c4 c6 10. a3 a5 11. Bc3 Bd6 12. b4 axb4 13. axb4 Ne4 14.
Nxe4 Bxe4 15. Nd2 Bg6 16. Qb3 Qe7 17. f4 Bc7 18. b5 cxb5 19. Bb4 bxc4 20. Bxe7 cxb3 21.
Bxf8 Rxf8 22. Nxb3 Bd6 23. Bb5 Nf6 24. Nd2 Ne4 25.
Nxe4 Bxe4 26. Rfc1 b6 27. Ra7 Bb4 28. Rcc7 Ba5 29.
Kf2 h5 30. g3 g6 31. h3 Kg7 32. Bd7 Kf6 33. Rab7 Bb4 34. Rc8 Rxc8 35. Bxc8 Ba5 36. Bd7 Bd3 37. Be8 Kg7 38. Bxf7 b5 39. Bxe6+ Kf8 40.
Bxd5 b4 41. e4 b3 42. Rxb3 Bc2 43. Rb7 Bc3 44. Ke3 Ba4 45. Bf7 Be1 46. g4 hxg4 47. hxg4 g5 48. fxg5 Bh4 49. g6 Bg5+ 50. Kd3 Bc6 51.
Rb8+ Kg7 52. Rg8+ Kf6 53. d5 Bb5+ 54. Kd4 Bc1 55. e5+ Ke7 56. d6+ Kd7 57. Kc5 Ba4 58.
e6# 1-0

[Event "*** SCC Grand Prix: Titled Tuesday Blitz"]
[Site "Chess.com"]
[Date "2020.08.25"]
[Round "6"]
[White "Izoria123"]
[Black "crackcubano"]
[Result "1/2-1/2"]
[WhiteElo "2839"]
[BlackElo "2653"]
[TimeControl "180+1"]
[EndTime "11:09:20 PDT"]
[Termination "Game drawn by stalemate"]

1. e4 c5 2. Nf3 d6 3. c3 Nf6 4.
Be2 g6 5. O-O Bg7 6. Bb5+ Bd7 7.
Bxd7+ Nbxd7 8. Re1 O-O 9. d4 e6 10. Bf4 cxd4 11. cxd4 Nb6 12. Nc3 d5 13. e5 Ne4 14.
Nxe4 dxe4 15. Rxe4 Qd5 16. Re2 Rac8 17. b3 Rc6 18. Rc2 Rfc8 19. Rac1 Qe4 20. Rxc6 Rxc6 21.
Rxc6 Qxc6 22. Qc1 Qe4 23. h4 Bf8 24. Bh6 Be7 25. Qc7 Bf8 26. Bxf8 Qb1+ 27. Kh2 Kxf8 28. Qd8+ Kg7 29. Qf6+ Kg8 30. Ng5 Qf5 31. Qxf5 gxf5 32. Nf3 Nd5 33. g3 b5 34. Nd2 b4 35. Kg2 Nc3 36. Kf3 Nxa2 37. Ke3 Nc1 38. f3 a5 39.
g4 fxg4 40. fxg4 h6 41. h5 Kg7 42. Ke4 Kf8 43. d5 exd5+ 44. Kxd5 Nd3 45. Kd4 Nf2 46. Kc4 Nxg4 47. Kb5 Nxe5 48. Kxa5 Nd3 49. Kb5 Kg7 50.
Kc4 Nc1 51. Kxb4 Kf6 52. Kc3 Nxb3 53. Nxb3 Kg5 54. Kd4 Kxh5 55. Ke3 Kg4 56. Nc5 h5 57. Kf2 h4 58. Nd3 f5 59. Ne5+ Kf4 60. Ng6+ Kg5 61.
Nxh4 Kxh4 62. Kf3 Kg5 63. Kg3 Kg6 64. Kf4 Kf6 65. Kf3 Kg5 66. Kg3 f4+ 67. Kf3 Kf5 68.
Kf2 Kg4 69. Kg2 f3+ 70. Kf2 Kf4 71. Kf1 Kg3 72. Kg1 f2+ 73. Kf1 Kf3 1/2-1/2

[Event "*** SCC Grand Prix: Titled Tuesday Blitz"]
[Site "Chess.com"]
[Date "2020.08.25"]
[Round "6"]
[White "IrinaDrogovoz"]
[Black "Fh2411"]
[Result "1-0"]
[WhiteElo "2395"]
[BlackElo "2538"]
[TimeControl "180+1"]
[EndTime "11:09:21 PDT"]
[Termination "IrinaDrogovoz won on time"]

1. d4 d5 2. Nf3 c6 3. g3 Bf5 4. Bg2 e6 5. O-O Nd7 6. c4 Ngf6 7. Nc3 Be7 8. Nd2 O-O 9. b3 Bb4 10. Bb2 Qa5 11. Qc1 Rfe8 12. a3 Bxc3 13. Bxc3 Qb6 14. b4 h6 15. Re1 Qa6 16. Bb2 Nb6 17. e4 dxe4 18. c5 Nbd5 19. Bf1 b5 20. cxb6 Qxb6 21. Nc4 Qc7 22. Ne5 a5 23. Qxc6 Rec8 24. Qxc7 Rxc7 25.
b5 Rc2 26. Re2 e3 27. fxe3 Rxe2 28. Bxe2 Nxe3 29. Rc1 Ned5 30. Nc6 a4 31. Rc4 g5 32. Bd1 Bd3 33. Rxa4 Rc8 34. Ra5 Bxb5 35. Rxb5 Rxc6 36. Rb8+ Kg7 37. a4 Ne3 38. Bb3 Nfd5 39. Ba3 Rc3 40. Bd6 Ng4 41. a5 Rc1+ 42. Kg2 Nde3+ 43. Kf3 f5 44. Rb7+ Kg6 45. Bxe6 Rf1+ 46. Ke2 Rh1 47. Bf7+ Kf6 48. Bg8 Rxh2+ 49. Kd3 f4 50. gxf4 1-0

[Event "*** SCC Grand Prix: Titled Tuesday Blitz"]
[Site "Chess.com"]
[Date "2020.08.25"]
[Round "6"]
[White "Anton_Demchenko"]
[Black "Koksik_13"]
[Result "1-0"]
[WhiteElo "2844"]
[BlackElo "2670"]
[TimeControl "180+1"]
[EndTime "11:09:22 PDT"]
[Termination "Anton_Demchenko won on time"]

1. d4 d5 2. Nf3 e6 3. Bf4 Nf6 4. e3 Be7 5. Nbd2 Nh5 6. Be5 Nd7 7. Bd3 Nxe5 8. dxe5 g6 9. Qe2 c5 10. c4 O-O 11. O-O b6 12. Rfd1 Bb7 13. cxd5 exd5 14.
Ba6 Bc6 15. b4 d4 16. Rac1 Qd7 17. bxc5 bxc5 18. h3 Rab8 19. Nb3 Rb6 20. Bc4 Qf5 21.
Bd3 Bxf3 22. Qxf3 Qxf3 23. gxf3 Rd8 24. Bc4 Rb4 25. f4 Ng7 26. Kg2 Nf5 27. Kf3 Nh4+ 28. Ke4 Nf5 29. Rd3 Kg7 30. Nd2 Ra8 31. Bb3 a5 32. Rc4 a4 33. Rxb4 cxb4 34. Bd5 Ra5 35.
Nc4 Rc5 36. exd4 Rc8 37. Ne3 Nh4 38. f5 gxf5+ 39. Nxf5+ Nxf5 40. Kxf5 b3 41. axb3 a3 42. b4 Rb8 43. Rg3+ Kf8 44. Ke4 Bxb4 45. Rf3 Rc8 46.
Rxf7+ Ke8 47. Rb7 Rc2 48. Rxb4 a2 49. Ra4 Re2+ 50. Kf5 a1=Q 51. Rxa1 1-0

[Event "*** SCC Grand Prix: Titled Tuesday Blitz"]
[Site "Chess.com"]
[Date "2020.08.25"]
[Round "6"]
[White "wannabe2700"]
[Black "djano"]
[Result "0-1"]
[WhiteElo "2623"]
[BlackElo "2474"]
[TimeControl "180+1"]
[EndTime "11:09:22 PDT"]
[Termination "djano won on time"]

1. e4 e5 2. Nf3 Nc6 3. Bb5 Nf6 4. O-O Nxe4 5. d4 Nd6 6. Bxc6 dxc6 7. dxe5 Nf5 8.
Qxd8+ Kxd8 9. h3 h6 10. Nc3 Bd7 11. Rd1 Kc8 12. g4 Ne7 13. Kg2 b6 14. Bf4 c5 15.
Nd5 Nxd5 16. Rxd5 Bc6 17. Rd2 Be7 18. Rad1 Rd8 19. Rxd8+ Bxd8 20. Kg3 a5 21. h4 Bxf3 22. Kxf3 Bxh4 23. Be3 a4 24. a3 Be7 25. Ke4 Ra5 26.
Bd2 Ra8 27. f4 Kb7 28. Be3 Rd8 29. Rh1 b5 30. g5 hxg5 31. fxg5 b4 32. Rh7 Bf8 33.
g6 fxg6 34. Bg5 Re8 35. Rh8 bxa3 36. bxa3 Kc6 37. c4 Kd7 38. Be3 Be7 39. Rh7 Bf8 40.
Rh8 Be7 41. e6+ Kd8 42. Rh1 c6 43. Rd1+ Kc8 44. Bf4 Bf6 45. Rd6 Kb7 46. Be5 Re7 47.
Bf4 g5 48. Bg3 g4 49. Bf4 g5 50. Bg3 Kb6 51. Kf5 Bd4 52. Rd7 Re8 53. e7 Be3 0-1

[Event "*** SCC Grand Prix: Titled Tuesday Blitz"]
[Site "Chess.com"]
[Date "2020.08.25"]
[Round "6"]
[White "Panterov"]
[Black "mfwagnerpeixoto"]
[Result "1-0"]
[WhiteElo "2001"]
[BlackElo "2237"]
[TimeControl "180+1"]
[EndTime "11:09:22 PDT"]
[Termination "Panterov won on time"]

1. e4 d6 2. d4 Nf6 3. Bd3 e5 4.
dxe5 dxe5 5. Nf3 c6 6. O-O Nbd7 7. b3 Be7 8. Bb2 Qc7 9. Nbd2 b5 10. a4 b4 11. Nc4 Bd6 12. Qd2 O-O 13. Qg5 Re8 14. Rad1 Nf8 15. Nxd6 Qxd6 16. Bxe5 Qe7 17. Bxf6 Qxf6 18.
Qxf6 gxf6 19. h3 Ne6 20. Rfe1 Bb7 21. Bc4 Rad8 22. a5 Nc5 23. Rxd8 Rxd8 24. e5 Kg7 25. exf6+ Kxf6 26. Re5 Ne6 27. a6 Bc8 28. Bd3 h6 29. Re4 c5 30. Ne5 Rd4 31. Re1 Rd6 32. Ng4+ Kg7 33.
Ne3 Nf4 34. Bc4 Rf6 35. Ra1 Bd7 36. Ra5 Rg6 37. Kh2 Bc6 38. g3 Ne6 39. Bxe6 Rxe6 40. Rxc5 Be4 41. Rc4 Bg6 42. Rxb4 Rxa6 43. Rb7 Ra2 44.
Rc7 Be4 45. g4 Ra1 46. Kg3 Bg6 47. h4 h5 48. gxh5 Bxh5 49. Nf5+ Kf6 50. Nd6 Bg6 51. Nb5 Rg1+ 52. Kf4 Rh1 53. Nxa7 Rxh4+ 54. Kg3 Rh1 55. b4 Rc1 56. c4 Ke5 57. b5 Kd6 58. b6 Rb1 59.
Nb5+ Ke6 60. b7 1-0

[Event "*** SCC Grand Prix: Titled Tuesday Blitz"]
[Site "Chess.com"]
[Date "2020.08.25"]
[Round "6"]
[White "Duhless"]
[Black "GigaQuparadze"]
[Result "1/2-1/2"]
[WhiteElo "3002"]
[BlackElo "2825"]
[TimeControl "180+1"]
[EndTime "11:09:23 PDT"]
[Termination "Game drawn - insufficient material"]

1. e4 c5 2. Nf3 e6 3. Nc3 a6 4.
g3 b5 5. Bg2 Bb7 6. d4 cxd4 7.
Nxd4 Nc6 8. O-O Nxd4 9. Qxd4 Ne7 10. Bf4 f6 11. Qd3 Ng6 12. Be3 Ne5 13. Qe2 Rc8 14.
Rad1 Qc7 15. Bd4 Bc5 16. Bxc5 Qxc5 17. Kh1 b4 18. Nb1 Qxc2 19. Rd2 Qc4 20. Qh5+ g6 21. Qh4 O-O 22. b3 Qb5 23. Rfd1 g5 24. Qh6 Rf7 25. h3 Ng6 26. Qh5 Rc5 27. Rd4 Bc6 28. Nd2 Rc2 29. Nc4 Rxf2 30. Nd6 Qe2 31. Qxe2 Rxe2 32. Nxf7 Kxf7 33.
R4d2 Re3 34. Rd3 Re2 35. R3d2 Re3 36. Rd3 Rxd3 37. Rxd3 Ne5 38. Rd2 a5 39. Kg1 Ke7 40. Kf2 h5 41. Ke3 Ng6 42. Bf3 h4 43. Bh5 Ne5 44.
gxh4 gxh4 45. Be2 d5 46. exd5 Bxd5 47. Rc2 Kd6 48. Rc8 f5 49. Rh8 f4+ 50. Kf2 f3 51. Bf1 Ng6 52. Rh6 Be4 53. Ke3 Ke5 54. Rh5+ Bf5 55.
Kxf3 Kd4 56. Rg5 Kc3 57. Bc4 Ne5+ 58. Ke3 Nxc4+ 59. bxc4 Kxc4 60. Rh5 a4 61. Rxh4+ Kc3 62. Rh8 Kb2 63. Rb8 b3 64. axb3 a3 65. h4 a2 66. Ra8 Kxb3 67. Kf4 Kb2 68. Rxa2+ Kxa2 69. Ke5 Kb3 70. h5 Kc4 71. h6 Kc5 72. h7 Bxh7 73. Kxe6 1/2-1/2

[Event "*** SCC Grand Prix: Titled Tuesday Blitz"]
[Site "Chess.com"]
[Date "2020.08.25"]
[Round "6"]
[White "Saxar85"]
[Black "Ermito2020"]
[Result "1-0"]
[WhiteElo "2776"]
[BlackElo "2630"]
[TimeControl "180+1"]
[EndTime "11:09:23 PDT"]
[Termination "Saxar85 won by resignation"]

1. e4 c6 2. d4 d5 3. Nc3 dxe4 4.
Nxe4 Bf5 5. Ng3 Bg6 6. h4 h6 7.
Nh3 e6 8. Nf4 Bh7 9. Be3 Nf6 10.
Bd3 Bxd3 11. Qxd3 Nbd7 12. O-O-O Qa5 13. Kb1 O-O-O 14. Qe2 Bd6 15. Ngh5 Bxf4 16. Nxf4 Nd5 17. Nd3 N7b6 18. Ne5 Na4 19. Rd3 Rhf8 20. c4 Ndc3+ 21.
bxc3 Nxc3+ 22. Rxc3 Qxc3 23. Rc1 Qb4+ 24. Ka1 f6 25.
Nd3 Qa3 26. Qc2 Kb8 27. Rb1 Ka8 28. Nc5 Rf7 29. Nxe6 Re8 30. d5 cxd5 31. cxd5 Qd6 32. Qc5 Qxc5 33. Bxc5 Rd7 34. h5 b6 35. Be3 Ree7 36. Nf4 Re4 37. g3 Rc4 38. Kb2 Rdc7 39. Rd1 Rc2+ 40. Kb1 R2c4 41. d6 Rb4+ 42. Ka1 Rd7 43. Ne6 Kb7 44. Nxg7 Rc4 45. Nf5 Rc6 46. Bf4 Rc5 47. g4 Rc4 48. Bg3 Rxg4 49. Nxh6 Rg5 50.
Rh1 Rh7 51. Bf4 Rd5 52. Ng4 Rd4 53. Nxf6 Rf7 54. Be5 Rd2 55. f4 Kc6 56. h6 Kb5 57. h7 Ka4 58. h8=Q Ka3 59. Ne4 Rxa2+ 60. Kb1 1-0

[Event "*** SCC Grand Prix: Titled Tuesday Blitz"]
[Site "Chess.com"]
[Date "2020.08.25"]
[Round "6"]
[White "Sychev_Klementy"]
[Black "Rodalquilar"]
[Result "1-0"]
[WhiteElo "2767"]
[BlackElo "2626"]
[TimeControl "180+1"]
[EndTime "11:09:24 PDT"]
[Termination "Sychev_Klementy won by checkmate"]

1. e4 d5 2. exd5 Qxd5 3. Nc3 Qa5 4. d4 Nf6 5. Nf3 Bf5 6. Bc4 e6 7. Bd2 Bb4 8. a3 Bxc3 9. Bxc3 Qb6 10. d5 exd5 11. Bxd5 O-O 12. Bxf6 gxf6 13. O-O Nc6 14. Qc1 Rad8 15. c4 Ne7 16. Qf4 Qd6 17. Qh4 Nxd5 18. cxd5 Qxd5 19. Qxf6 Rd6 20. Qc3 Be4 21.
Rfe1 Rfd8 22. h3 Rc6 23. Qe3 Bxf3 24. gxf3 Rg6+ 25. Kh2 Qd6+ 26. f4 Rf6 27. Rg1+ Kf8 28. Rad1 Qxd1 29. Rxd1 Rxd1 30. Qc5+ Rdd6 31. Qxc7 Rb6 32.
Qd8+ Kg7 33. Qd4 Kf8 34. b4 Rfd6 35. Qh8+ Ke7 36. Qxh7 Rg6 37. Qh4+ Rbf6 38. f5 Rh6 39. Qe4+ Kf8 40. Qxb7 Rxf5 41. Qc8+ Kg7 42. Qxf5 Rf6 43. Qg5+ Rg6 44. Qe5+ Rf6 45. f4 Kg6 46. Qg5+ Kh7 47. Qxf6 a5 48. bxa5 Kg8 49. a6 Kh7 50. a7 Kg8 51. Kg3 Kh7 52. h4 Kg8 53. Kg4 Kh7 54. Kg5 Kg8 55. a8=Q+ Kh7 56. Qah8# 1-0

[Event "*** SCC Grand Prix: Titled Tuesday Blitz"]
[Site "Chess.com"]
[Date "2020.08.25"]
[Round "6"]
[White "katchesskat"]
[Black "ditkin25"]
[Result "1-0"]
[WhiteElo "2273"]
[BlackElo "2417"]
[TimeControl "180+1"]
[EndTime "11:09:27 PDT"]
[Termination "katchesskat won by resignation"]

1. c4 g6 2. Nf3 Bg7 3. d4 Nf6 4. Nc3 O-O 5. e4 d6 6. Be2 c5 7. O-O Re8 8. Re1 cxd4 9. Nxd4 Nc6 10. Be3 Bd7 11. h3 Nxd4 12. Bxd4 Bc6 13. Bf1 Qa5 14. Rb1 Rac8 15. b4 Qh5 16. g4 Qh4 17. Bg2 h5 18. f3 hxg4 19. hxg4 Nd7 20. Bf2 Qf6 21. Rc1 Qf4 22.
Ne2 Qf6 23. b5 Ne5 24. bxc6 Nxf3+ 25. Bxf3 Qxf3 26. cxb7 Rb8 27. Ng3 Qf4 28. Rb1 Be5 29. Kg2 Kg7 30. Qf3 Qd2 31. Red1 Qc2 32. Qe2 Qa4 33.
Rb5 a6 34. Rxe5 dxe5 35. Qb2 Qxd1 36. Ba7 Qd7 37. Bxb8 f6 38. Ba7 Qc6 39. b8=Q Rxb8 40. Bxb8 Qxc4 41. Ba7 Qd3 42. Bf2 Qd1 43. Qe2 Qd6 44.
g5 Kf7 45. gxf6 exf6 46. Qc4+ Kg7 47. Qc8 Qd2 48. Qb7+ Kh6 49. Qxa6 Kg5 50. Qc4 f5 51.
exf5 gxf5 52. Qg8+ Kf6 53. Qf8+ Ke6 54. Qxf5+ Kd6 55.
Ne4+ 1-0

[Event "*** SCC Grand Prix: Titled Tuesday Blitz"]
[Site "Chess.com"]
[Date "2020.08.25"]
[Round "6"]
[White "Bastiandash"]
[Black "MestreSoares"]
[Result "1/2-1/2"]
[WhiteElo "2389"]
[BlackElo "2145"]
[TimeControl "180+1"]
[EndTime "11:09:27 PDT"]
[Termination "Game drawn by repetition"]

1. e4 Nf6 2. e5 Nd5 3. d4 d6 4. Nf3 Bg4 5. Be2 e6 6. h3 Bf5 7.
a3 Be7 8. c4 Nb6 9. Nc3 O-O 10.
Bf4 N8d7 11. O-O dxe5 12. Nxe5 Nxe5 13. Bxe5 Bf6 14. b3 Bxe5 15. dxe5 c6 16. Bf3 Qc7 17. Qe2 Rad8 18. Rad1 Rxd1 19. Rxd1 Rd8 20. h4 h6 21. g4 Bg6 22. Kg2 Rxd1 23. Qxd1 Qxe5 24. Ne2 Be4 25. Ng3 Bxf3+ 26. Qxf3 Nd7 27. b4 Nf6 28. Kh3 g5 29. hxg5 hxg5 30. Qd3 Kg7 31. f3 b6 32. a4 a5 33. c5 bxc5 34. bxa5 c4 35. Qxc4 Qxa5 36. Qxc6 Nd5 37. Qc4 Nf4+ 38. Kh2 Qd2+ 39. Ne2 Nxe2 40. Kg2 Nf4+ 41. Kf1 Qg2+ 42. Ke1 Qg3+ 43. Kd2 Qxf3 44. a5 Qxg4 45. a6 Qg2+ 46. Kc3 Qf3+ 47. Kb4 Qa8 48.
Qd4+ f6 49. a7 Kg6 50. Qd7 g4 51. Kc5 g3 52. Kb6 g2 53. Qd1 Nd5+ 54. Ka6 Nb4+ 55.
Kb6 Nd5+ 56. Ka6 Nb4+ 57. Kb6 Nd5+ 1/2-1/2

[Event "*** SCC Grand Prix: Titled Tuesday Blitz"]
[Site "Chess.com"]
[Date "2020.08.25"]
[Round "6"]
[White "shineatchess"]
[Black "RobPeresian"]
[Result "0-1"]
[WhiteElo "2211"]
[BlackElo "2377"]
[TimeControl "180+1"]
[EndTime "11:09:27 PDT"]
[Termination "RobPeresian won by checkmate"]

1. e4 e5 2. Nf3 Nc6 3. Bb5 a6 4.
Ba4 Nf6 5. O-O b5 6. Bb3 Bc5 7. d3 d6 8. a4 Rb8 9. Nc3 h6 10. Be3 Bxe3 11. fxe3 O-O 12. axb5 axb5 13. Qe1 Be6 14.
Nd5 Bxd5 15. Bxd5 Nxd5 16. exd5 Ne7 17. e4 Ng6 18. b4 f5 19. Ra5 Qe8 20. Ra7 Qd7 21.
Qc3 Rbc8 22. Qc6 Qxc6 23. dxc6 fxe4 24. dxe4 Rf4 25. Rb7 Rxe4 26. Rxb5 Ne7 27. Nd2 Re2 28. Rf2 Rxf2 29. Kxf2 Nxc6 30. c3 Kf7 31. Rb7 Ke6 32. Nc4 d5 33. Na5 Nxa5 34. bxa5 Kd6 35. Rb1 Ra8 36. Ra1 Ra6 37. Ke3 Kc5 38. Kd3 c6 39. h4 Ra7 40. h5 Kb5 41. a6 Rxa6 42. Rb1+ Kc5 43. Rb7 Ra3 44. Rxg7 d4 45. Rg6 Rxc3+ 46. Kd2 e4 47. Rxh6 e3+ 48. Ke2 Rc2+ 49. Kf3 e2 50. Kf2 d3 51. Re6 Rc1 52. h6 Rf1+ 53.
Kg3 e1=Q+ 54. Rxe1 Rxe1 55. Kh4 Rh1+ 56. Kg5 d2 57. g4 d1=Q 58. Kg6 Qd6+ 59. Kg7 Qxh6+ 60. Kf7 Ra1 61. g5 Ra7+ 62. Kg8 Qg7# 0-1